 Dungeon Crawl Stone Soup version 0.30-a0-422-g946f4849ff (webtiles) character file.

Game seed: 4074625144621471880

87324 ragingrage the Slicer (level 15, -5/82 HPs)
             Began as a Vine Stalker Brigand on Dec 8, 2022.
             Was a Believer of Uskayaw.
             Slain by an orc knight
             ... wielding a +2 great mace of holy wrath
              (14 damage)
             ... on level 15 of the Dungeon.
             The game lasted 00:40:14 (24475 turns).

ragingrage the Slicer (Vine Stalker Brigand)       Turns: 24475, Time: 00:40:15

Health: -5/82      AC: 11    Str: 15    XL:     15   Next: 90%
Magic:  0/22       EV: 18    Int: 11    God:    Uskayaw [**....]
Gold:   1350       SH: 12    Dex: 28    Spells: 12/14 levels left

rFire   + . .      SeeInvis .    a - +4 rapier (elec)
rCold   + + .      Faith    .    G - +0 kite shield
rNeg    . . .      Spirit   +    X - +1 troll leather armour
rPois   +          Reflect  .    V - +2 hat
rElec   .          Harm     .    E - scarf {repulsion}
rCorr   .          Rampage  .    (no gloves)
Will    +....                    u - +2 pair of boots
Stlth   ++++++....               Z - amulet of regeneration
HPRegen 2.73/turn                q - +6 ring of dexterity
MPRegen 0.18/turn                t - ring "Kitedwoomo" {+Blink rPois rF+ rC++}

@: slowed, repel missiles, very slow
A: fangs 3, regeneration 1, magic shield, antimagic bite, no potion heal 2
a: Renounce Religion, Evoke Blink, Stomp, Line Pass


You were on level 15 of the Dungeon.
You worshipped Uskayaw.
Uskayaw was aware of your devotion.
You visited 4 branches of the dungeon, and saw 23 of its levels.
You also visited: Sewer and Ice Cave.

You collected 2682 gold pieces.
You spent 1332 gold pieces at shops.

Inventory:

Hand Weapons
 a - a +4 rapier of electrocution (weapon)
 b - a +4 scimitar of flaming
 w - a +2 short sword of venom
Missiles
 d - 48 poisoned darts (quivered)
 e - 14 curare-tipped darts
 i - 2 throwing nets
 F - 11 atropa-tipped darts
Armour
 n - a +2 chain mail of fire resistance
 u - a +2 pair of boots (worn)
 A - a +1 ring mail of willpower
 E - a scarf of repulsion (worn)
 G - a +0 kite shield (worn)
 V - a +2 hat (worn)
 X - a +1 troll leather armour (worn)
Jewellery
 f - a ring of positive energy
 q - a +6 ring of dexterity (left hand)
 r - a ring of protection from fire
 t - the ring "Kitedwoomo" (right hand) {+Blink rPois rF+ rC++}
   (You bought it in a shop on level 1 of the Orcish Mines)

   [ring of protection from fire]

   rF:        It protects you from fire.
   rC:        It greatly protects you from cold.
   rPois:     It protects you from poison.
   +Blink:    It lets you blink.
 N - a ring of magical power
 U - a ring of protection from cold
 Z - an amulet of regeneration (around neck)
Wands
 c - a wand of charming (11)
 k - a wand of flame (20)
 v - a wand of mindburst (7)
 J - a wand of polymorph (5)
 O - a wand of roots (19)
 R - a wand of acid (11)
 Y - a wand of digging (5)
Scrolls
 g - 13 scrolls of teleportation
 h - 6 scrolls of vulnerability
 j - 2 scrolls of blinking
 l - 2 scrolls of poison
 x - a scroll of enchant armour
 y - 2 scrolls of magic mapping
 z - a scroll of fear
 C - 5 scrolls of butterflies
 H - a scroll of brand weapon
 K - 3 scrolls of amnesia
Potions
 o - a potion of flight {unknown}
 p - 4 potions of lignification
 s - 5 potions of haste
 B - 2 potions of berserk rage
 D - 3 potions of attraction
 I - a potion of magic
 L - 2 potions of cancellation
 M - 7 potions of curing
 P - 3 potions of brilliance
 Q - 4 potions of mutation
 S - 4 potions of might
 T - a potion of resistance
 W - 2 potions of invisibility


   Skills:
 + Level 11.1 Fighting
 - Level 14.0 Short Blades
 - Level 6.0 Throwing
 - Level 5.0 Armour
 + Level 8.3 Dodging
 + Level 13.5 Stealth
 + Level 4.1 Shields
 - Level 5.0 Translocations
 - Level 9.0 Invocations
 - Level 6.0 Evocations


You had 12 spell levels left.
You knew the following spells:

 Your Spells              Type           Power      Damage    Failure   Level
a - Blink                 Tloc           22%        N/A       26%         2

Your spell library contained the following spells:

 Spells                   Type           Power      Damage    Failure   Level
 Lesser Beckoning         Tloc           22%        N/A       45%         3
 Momentum Strike          Conj/Tloc      10%        3d8       56%         2
 Foxfire                  Conj/Fire      0%         2x1d4     78%         1
 Magic Dart               Conj           0%         1d3       78%         1
 Slow                     Hex            0%         N/A       78%         1
 Sting                    Tmut/Pois      0%         1d3       78%         1
 Poisonous Vapours        Pois/Air       0%         N/A       89%         2
 Searing Ray              Conj           0%         2d4       89%         2
 Kindle Blastsparks       Fire/Tloc/Air  6%         2d10      90%         3
 Confusing Touch          Hex            0%         N/A       98%         3
 Hailstorm                Conj/Ice       0%         3d3       98%         3
 Ignite Poison            Fire/Tmut/Pois 0%         N/A       98%         3
 Summon Guardian Golem    Hex/Summ       0%         N/A       98%         3
 Vampiric Draining        Necr           0%         2d6       98%         3
 Animate Armour           Summ/Erth      0%         N/A       100%        4
 Cause Fear               Hex            0%         N/A       100%        4
 Fulminant Prism          Conj/Hex       0%         3d5       100%        4
 Ice Form                 Ice/Tmut       0%         N/A       100%        4
 Olgreb's Toxic Radiance  Pois           0%         N/A       100%        4
 Alistair's Intoxication  Tmut/Pois      0%         N/A       100%        5
 Blade Hands              Tmut           0%         N/A       100%        5
 Borgnjor's Vile Clutch   Necr/Erth      0%         N/A       100%        5
 Fireball                 Conj/Fire      0%         3d3       100%        5
 Freezing Cloud           Conj/Ice/Air   0%         6-21      100%        5
 Eringya's Noxious Bog    Tmut/Pois      0%         N/A       100%        6
 Iron Shot                Conj/Erth      0%         9d1       100%        6
 Simulacrum               Ice/Necr       0%         N/A       100%        6
 Starburst                Conj/Fire      0%         6d3       100%        6
 Dragon Form              Tmut           0%         N/A       100%        7
 Orb of Destruction       Conj           0%         9d5       100%        7
 Ozocubu's Refrigeration  Ice            0%         4d7       100%        7
 Spellforged Servitor     Conj/Summ      0%         N/A       100%        7
 Ignition                 Fire           0%         3d3       100%        8
 Dragon's Call            Summ           0%         N/A       100%        9


Dungeon Overview and Level Annotations

Branches:
Dungeon (15/15)            Temple (1/1) D:5            Lair (5/5) D:8
  Swamp (0/4) Lair:2       Spider (0/4) Lair:3          Orc (2/2) D:11
    Elf (0/3) Orc:2        Vaults (0/5) D:13          Sewer (visited)
  IceCv (visited)
  Slime: Lair:4-5    Depths: D:15

Altars:
Ashenzari
Cheibriados
Dithmenos
Elyvilon
Fedhas
Gozag
Hepliaklqana
Kikubaaqudgha
Makhleb
Nemelex Xobeh
Okawaru
Qazlal
Ru
Sif Muna
Trog
Uskayaw
Vehumet
Wu Jian
Xom
Yredelemnul
Zin
The Shining One
Jiyva

Shops:
D:4 *   D:14 !   Orc:1 =   Orc:2 (?:=

Annotations:
D:13 2 transporters, Alacron's ghost, journeyman MiBe
D:14 2 runed translucent doors, zishaf's ghost, adept VSBr
Lair:2 2 transporters, greasedhog's ghost, journeyman GrVM
Lair:5 5 runed translucent doors, exclusion: 3 oklob plants, NinjaNoafa's ghost, journeyman MfGl
Orc:1 3 runed translucent doors, greasedhog's ghost, journeyman AtFi


Innate Abilities, Weirdness & Mutations

You have razor-sharp teeth.
Your natural rate of healing is unusually fast.
When hurt, damage is shared between your health and your magic reserves.
Your bite disrupts and absorbs the magic of your enemies.
Potions cannot restore your health.


Message History

The freezing wraith is lightly damaged.
The orc knight hits you with a +2 great mace of holy wrath!
The freezing wraith misses you. You block the freezing wraith's attack.
You hit the freezing wraith. You bite the freezing wraith. You drain its power.
You feel invigorated.
The freezing wraith is lightly damaged.
You closely miss the freezing wraith. You bite the freezing wraith.
You drain its power.
You feel invigorated.
The freezing wraith is moderately damaged.
An orc warrior comes into view. It is wielding a +3 war axe.
You block the orc knight's attack. The freezing wraith hits you!
The freezing wraith freezes you. You resist. The freezing wraith hits you.
The freezing wraith drains your vigour!
You feel yourself slow down.
You barely miss the freezing wraith.
The freezing wraith is moderately damaged.
The orc knight hits you with a +2 great mace of holy wrath!!
The freezing wraith hits you but does no damage.
The freezing wraith hits you. The freezing wraith drains your vigour!
You feel as though you will be slow longer.
You puncture the freezing wraith!
You bite the freezing wraith, but do no damage.
The freezing wraith is heavily damaged.
You block the orc knight's attack. The freezing wraith hits you.
The freezing wraith freezes you! You resist.
The freezing wraith hits you but does no damage.
The orc warrior unwields a +3 war axe.
The orc warrior wields a +0 arbalest.
The orc warrior shoots a bolt.
You block the bolt.
You can now pass through a line of other dancers.
As you read the scroll of fear, it crumbles to dust.
You assume a fearsome visage.
The orc knight easily resists.
The orc wizard looks frightened!
The orc warrior looks frightened!
The orc looks frightened!
The freezing wraith is unaffected.
The orc knight hits you with a +2 great mace of holy wrath!!
* * * LOW HITPOINT WARNING * * *
You block the freezing wraith's attack. The freezing wraith misses you.
The orc wizard gestures wildly while chanting.
The orc wizard flickers and vanishes!
Deactivating autopickup; reactivate with Ctrl-A.
The orc knight hits you with a +2 great mace of holy wrath!
You die...

#.#.#.#...........
###+#.....#..##.[.##..
#......#'##..##### #..
#......#......... ...
+......#.........
#.....o#.........
........o#.#.##..
##+##.W..........
#@#..#.#...#! #
#o#.......... ...
#{#........#. #.#
#.'...W...... ...
#.#..)o....#. #.#
#.#.o)...... ...
#.#........# #.#
#....#####.. ...
#....# . ...


You could see an orc knight, a freezing wraith, an orc warrior (strong, fleeing)
and an orc (fleeing).

Vanquished Creatures
  Frances (D:13)
  Gastronok (Lair:3)
  An orc warlord (Orc:1)
  Azrael (D:13)
  Snorg (Lair:3)
  Josephine (D:14)
  Fannar (Lair:1)
  5 hydras
  A catoblepas (Lair:5)
  2 centaur warriors
  2 ogre magi (Orc:2)
  4 boulder beetles
  8 two-headed ogres
  Nergalle (Orc:2)
  Lodul (D:10)
  5 skeletal warriors
  2 lindwurms
  A deep elf archer (D:13)
  Pikel (D:9)
  7 orc sorcerers (Orc:2)
  3 ugly things
  3 deep elf pyromancers
  3 deep elf zephyrmancers (D:13)
  12 elephants
  A manticore (D:14)
  8 black mambas
  2 ice statues (IceCv)
  6 cyclopes
  2 molten gargoyles (Lair:5)
  2 gargoyles (D:12)
  3 kobold demonologists (D:13)
  A torpor snail (Lair:5)
  10 cane toads
  2 rime drakes
  An unseen horror (D:12)
  3 centaur skeletons (D:13)
  10 komodo dragons
  2 efreet
  A komodo dragon (shapeshifter) (D:15)
  A yaktaur (shapeshifter) (D:13)
  2 freezing wraiths
  5 yaktaurs (D:13)
  An anaconda simulacrum (IceCv)
  4 ice devils (IceCv)
  A meliai (D:14)
  A troll (shapeshifter) (D:13)
  5 polar bears
  5 trolls
  2 hornets
  6 slime creatures (D:13)
  18 blink frogs
  A jumping spider (shapeshifter) (D:13)
  A culicivora (Lair:3)
  A jumping spider (Lair:3)
  4 wraiths
  10 basilisks
  46 yaks
  3 vampires
  7 wyverns
  3 fire elementals (D:13)
  2 redbacks (Lair:3)
  Grum (D:9)
  A death yak simulacrum (IceCv)
  Edmund (D:5)
  11 vampire mosquitoes
  3 steam dragons
  3 acid dragons
  2 harpy simulacra (IceCv)
  7 hell hounds
  An ice beast (D:8)
  16 water moccasins
  18 orc warriors
  16 ogres
  4 wolves
  13 centaurs
  A lemure (D:9)
  2 phantoms
  4 kobold brigands
  A necrophage (D:8)
  10 bullfrogs
  2 gnoll sergeants (D:6)
  6 scorpions
  2 two-headed ogre simulacra (IceCv)
  A hornet simulacrum (D:14)
  2 elephant simulacra (IceCv)
  4 killer bees (D:9)
  9 howler monkeys
  9 electric eels
  A jelly (D:5)
  5 lava snakes (Lair:5)
  4 hounds (D:6)
  27 orc priests
  4 gnoll boudas
  An iguana (D:5)
  38 orc wizards
  Natasha (thrice) (D:2)
  5 hell rats (Lair:4)
  A polar bear simulacrum (IceCv)
  4 spriggan simulacra (IceCv)
  3 troll simulacra (IceCv)
  A boggart skeleton (D:13)
  A wolf simulacrum (IceCv)
  Robin (D:3)
  21 gnolls
  A naga simulacrum (IceCv)
  7 adders
  2 river rats (D:6)
  4 white imps
  6 ufetubi
  2 dart slugs
  74 orcs
  4 bats
  5 endoplasms
  12 giant cockroaches
  13 goblins
  7 hobgoblins
  8 jackals
  4 quokkas
  8 ball pythons
  6 frilled lizards
  41 kobolds
  7 rats
732 creatures vanquished.

Vanquished Creatures (others)
  A molten gargoyle (Lair:5)
  A golden eye (D:13)
  An orc wizard (Orc:2)
  2 demonic plants (D:1)
  16 fungi
  82 plants
103 creatures vanquished.

Grand Total: 835 creatures vanquished

Notes
Turn   | Place    | Note
-------+----------+-------------------------------------------
     0 | D:1      | ragingrage the Vine Stalker Brigand began the quest for the
                  | Orb.
     0 | D:1      | Reached XP level 1. HP: 11/11 MP: 2/2
    60 | D:1      | Reached skill level 2 in Short Blades
    92 | D:1      | Found a faded altar of an unknown god.
   112 | D:1      | Reached XP level 2. HP: 13/15 MP: 3/3
  1021 | D:1      | Reached skill level 3 in Short Blades
  1164 | D:2      | Reached XP level 3. HP: 18/18 MP: 4/4
  1547 | D:2      | Noticed Natasha
  1558 | D:2      | Killed Natasha
  1559 | D:2      | Reached skill level 4 in Short Blades
  1559 | D:2      | Gained mutation: Your natural rate of healing is unusually
                  | fast. [Vine Stalker growth]
  1559 | D:2      | Reached XP level 4. HP: 23/23 MP: 5/5
  1798 | D:2      | Noticed Natasha
  1806 | D:2      | Killed Natasha
  1964 | D:2      | Noticed Natasha
  1974 | D:2      | Killed Natasha
  1975 | D:2      | Reached XP level 5. HP: 24/26 MP: 4/6
  2038 | D:3      | Noticed Robin
  2225 | D:3      | Reached skill level 5 in Short Blades
  2428 | D:3      | Found a sacrificial altar of Ru.
  2558 | D:3      | Killed Robin
  2848 | D:4      | Reached XP level 6. HP: 30/30 MP: 7/7
  3171 | D:4      | Found Luprecvo's Assorted Antiques.
  3179 | D:4      | Bought a bubbling orange potion for 25 gold pieces
  3179 | D:4      | Bought a glowing red potion for 25 gold pieces
  3480 | D:5      | Entered Level 5 of the Dungeon
  3555 | D:6      | Reached skill level 6 in Short Blades
  3674 | D:6      | Reached XP level 7. HP: 34/34 MP: 8/8
  3818 | D:6      | Reached skill level 7 in Short Blades
  4130 | D:6      | Found a glowing drain.
  4162 | Sewer    | Entered a sewer
  4388 | Sewer    | Reached skill level 8 in Short Blades
  4479 | D:6      | Gained mutation: You have razor-sharp teeth. [Vine Stalker
                  | growth]
  4479 | D:6      | Reached XP level 8. HP: 38/38 MP: 9/9
  4870 | D:7      | Reached skill level 9 in Short Blades
  5193 | D:7      | Found a blossoming altar of Fedhas.
  5235 | D:7      | Found an iron altar of Okawaru.
  6219 | D:6      | Reached skill level 10 in Short Blades
  6389 | D:6      | Reached XP level 9. HP: 42/42 MP: 10/10
  6888 | D:5      | Reached skill level 11 in Short Blades
  6971 | D:5      | Found a shimmering blue altar of Sif Muna.
  6983 | D:5      | Noticed Edmund
  7003 | D:5      | Killed Edmund
  7052 | D:5      | Found a staircase to the Ecumenical Temple.
  7117 | Temple   | Entered the Ecumenical Temple
  7609 | D:8      | Found a staircase to the Lair.
  7639 | D:8      | Reached skill level 12 in Short Blades
  7718 | D:8      | Reached skill level 1 in Dodging
  7718 | D:8      | Reached skill level 5 in Stealth
  7741 | D:8      | Reached skill level 1 in Armour
  7741 | D:8      | Reached skill level 1 in Evocations
  7741 | D:8      | Reached XP level 10. HP: 41/47 MP: 8/11
  8301 | D:8      | Found a hide-covered altar of Uskayaw.
  8302 | D:8      | Found a radiant altar of Vehumet.
  8306 | D:8      | Became a worshipper of Uskayaw the Reveller
  8353 | D:8      | Noticed a two-headed ogre
  8357 | D:8      | Killed a two-headed ogre
  8357 | D:8      | Reached * piety under Uskayaw
  8433 | D:8      | Reached ** piety under Uskayaw
  8608 | D:8      | Reached *** piety under Uskayaw
  8916 | D:9      | Noticed Pikel
  8936 | D:9      | Killed Pikel
  8936 | D:9      | Reached **** piety under Uskayaw
  8954 | D:9      | Noticed a two-headed ogre
  8970 | D:9      | Killed a two-headed ogre
  8972 | D:9      | Reached skill level 5 in Fighting
  9006 | D:9      | Learned a level 2 spell: Blink
  9083 | D:9      | Reached ***** piety under Uskayaw
  9099 | D:9      | Reached skill level 1 in Translocations
  9099 | D:9      | Reached XP level 11. HP: 41/56 MP: 10/12
  9102 | D:9      | Reached ****** piety under Uskayaw
  9276 | D:9      | Reached skill level 1 in Invocations
  9734 | D:10     | Entered Level 10 of the Dungeon
  9803 | D:10     | Found a shadowy altar of Dithmenos.
  9951 | D:10     | Noticed Grum
  9976 | D:9      | Killed Grum
 10017 | D:10     | Noticed a two-headed ogre
 10040 | D:10     | Killed a two-headed ogre
 10111 | D:10     | Noticed a two-headed ogre
 10123 | D:10     | Killed a two-headed ogre
 10235 | D:10     | Noticed Lodul
 10731 | D:10     | Killed Lodul
 11181 | Lair:1   | Entered Level 1 of the Lair of Beasts
 11320 | Lair:1   | Reached XP level 12. HP: 62/62 MP: 15/15
 11386 | Lair:1   | Noticed Fannar
 11394 | Lair:1   | Killed Fannar
 11569 | Lair:1   | Found a burning altar of Makhleb.
 11729 | Lair:2   | Found a frozen archway.
 11774 | IceCv    | Entered an ice cave
 11938 | IceCv    | Noticed a reaper
 12283 | IceCv    | HP: 2/94 [ice devil (12)]
 12852 | Lair:2   | HP: 1/64 [cane toad (13)]
 13080 | Lair:2   | Reached skill level 5 in Throwing
 13145 | Lair:2   | Found a transporter.
 13146 | Lair:2   | Noticed greasedhog's ghost (journeyman GrVM)
 13147 | Lair:2   | Found a transporter.
 13238 | Lair:2   | Found a staircase to the Swamp.
 13636 | Lair:3   | Reached skill level 5 in Dodging
 13790 | Lair:3   | Noticed Gastronok
 14014 | Lair:3   | Killed Gastronok
 14107 | Lair:3   | Noticed Snorg
 14114 | Lair:3   | Killed Snorg
 14115 | Lair:3   | Reached skill level 5 in Armour
 14115 | Lair:3   | Reached XP level 13. HP: 68/68 MP: 17/17
 14554 | Lair:3   | Found a hole to the Spider Nest.
 14964 | Lair:4   | Reached skill level 5 in Translocations
 14986 | Lair:4   | Found a blossoming altar of Fedhas.
 15525 | Lair:5   | Entered Level 5 of the Lair of Beasts
 15673 | Lair:4   | Reached skill level 5 in Invocations
 15698 | Lair:5   | Found a runed translucent gate.
 15699 | Lair:5   | Found a runed translucent gate.
 15700 | Lair:5   | Found a runed translucent gate.
 15775 | Lair:5   | Reached skill level 10 in Stealth
 15782 | Lair:5   | Reached skill level 13 in Short Blades
 16037 | Lair:5   | Found a viscous altar of Jiyva.
 16279 | Lair:5   | Reached XP level 14. HP: 60/76 MP: 19/19
 16523 | Lair:5   | Reached skill level 10 in Fighting
 16581 | Lair:5   | Found a large runed translucent door.
 16645 | Lair:5   | Found a large runed translucent door.
 16981 | Lair:5   | Noticed NinjaNoafa's ghost (journeyman MfGl)
 17485 | D:11     | Found a staircase to the Orcish Mines.
 17906 | D:11     | Reached skill level 14 in Short Blades
 19537 | Orc:1    | Entered Level 1 of the Orcish Mines
 19616 | Orc:2    | Entered Level 2 of the Orcish Mines
 19616 | Orc:2    | Found a radiant altar of Vehumet.
 19686 | Orc:1    | Found Toucvud's Jewellery Shoppe.
 19794 | Orc:1    | Noticed an orc warlord
 19811 | Orc:1    | Killed an orc warlord
 19856 | Orc:1    | Found a runed translucent gate.
 19858 | Orc:1    | Found a runed translucent gate.
 19858 | Orc:1    | Found a runed translucent gate.
 19958 | Orc:1    | Noticed greasedhog's ghost (journeyman AtFi)
 19996 | Orc:1    | Bought the ring "Kitedwoomo" {+Blink rPois rF+ rC++} for
                  | 849 gold pieces
 20953 | Orc:2    | Found a staircase to the Elven Halls.
 21181 | Orc:2    | Reached skill level 1 in Shields
 21222 | Orc:2    | Reached XP level 15. HP: 81/81 MP: 21/21
 21310 | Orc:2    | Found Yhuh's Magic Scroll Shoppe.
 21324 | Orc:2    | Bought a scroll of enchant weapon for 127 gold pieces
 21325 | Orc:2    | Bought a scroll of teleportation for 51 gold pieces
 21338 | Orc:2    | Found an ancient bone altar of Kikubaaqudgha.
 21339 | Orc:2    | Noticed Nergalle
 21341 | Orc:2    | Found Ebbai's Jewellery Shoppe.
 21356 | Orc:2    | Killed Nergalle
 21688 | Orc:2    | Reached skill level 5 in Evocations
 21833 | Orc:2    | Found a radiant altar of Vehumet.
 21889 | Orc:2    | Found Avvot's Book Emporium.
 21892 | Orc:2    | Found Aqump's Antique Weapon Emporium.
 22475 | D:13     | Noticed Frances
 22551 | D:13     | Found a transporter.
 22555 | D:13     | Noticed Alacron's ghost (journeyman MiBe)
 22589 | D:13     | Noticed Sonja
 22592 | D:13     | Sonja changed into Sonja the golden eye
 22592 | D:13     | Noticed Sonja
 22636 | D:13     | Noticed Azrael
 22704 | D:13     | Killed Frances
 22744 | D:13     | Killed Sonja the golden eye
 23038 | D:13     | Killed Azrael
 23290 | D:13     | Found a transporter.
 23347 | D:13     | Found a gate to the Vaults.
 23460 | D:14     | Found a large runed translucent door.
 23463 | D:14     | Found a large runed translucent door.
 23466 | D:14     | Noticed zishaf's ghost (adept VSBr)
 23466 | D:14     | Found the +8 demon trident "Rift" {distort, reach+}
 23495 | D:14     | Found Amotuvenk's Distillery.
 23506 | D:14     | Bought a potion of haste for 150 gold pieces
 23507 | D:14     | Bought a potion of might for 60 gold pieces
 23507 | D:14     | Bought a potion of lignification for 45 gold pieces
 23553 | D:14     | Noticed Josephine
 23568 | D:14     | Killed Josephine
 24197 | D:15     | Entered Level 15 of the Dungeon
 24475 | D:15     | Slain by an orc knight

Illustrated notes

Levels and vault maps discovered:
D:1:      amcnicky_arrival_blooded_trapdoor, layout_basic,
          shapermc_ecumenical_altar_gd, grunt_decor_clamped,
          serial_bayou_pond_a, minivault_11, serial_bayou_lagoon_a,
          chequers_decorated_corner
D:2:      layout_loops_ring, minmay_worlds_worst_comb, uniq_natasha
D:3:      layout_loops_ring, mainiacjoe_overflow_paths, chequers_big_river,
          uniq_robin
D:4:      layout_rooms, serial_shops, shop
D:5:      layout_rooms, mainiacjoe_overflow_tiny_flanked,
          minmay_temple_entry_fiery, kennysheep_generic_room_14, uniq_edmund
D:6:      kennysheep_housing_project, layout_loops_ring, portal_sewer_entry_b,
          minmay_misc_feat_tower, wad_floor_pattern_untrapped
D:7:      layout_basic, mainiacjoe_overflow_catwalk, overflow_temple_1_default
D:8:      layout_basic, mainiacjoe_overflow_divided_tiny, david_lair_generic,
          dreamdust_princess_corridor
D:9:      layout_basic, chequers_arboretum, grunt_ministairs_4, uniq_pikel
D:10:     layout_irregular_city, lemuel_round_altar, uniq_grum, uniq_lodul
D:11:     layout_basic, david_orc_2
D:12:     layout_gridville, minmay_fractal_squares_5
D:13:     layout_roguey, hangedman_vaults_entry_quadrant_bands,
          gammafunk_ghost_berserking_beasts, uniq_sonja, uniq_frances,
          uniq_azrael
D:14:     layout_roguey, serial_shops, shop_statue, ebering_ghost_disaster_area,
          uniq_josephine
D:15:     gammafunk_depths_entry_grave, layout_gridville,
          serial_co_window_serial, co_window_paths_a, co_window_paths_a,
          co_window_of_opportunity_a, co_window_corner_a,
          co_window_of_opportunity_a, co_window_of_opportunity_a,
          co_window_of_opportunity_c, co_window_2corner,
          co_window_of_opportunity_c, co_window_corner_ca,
          co_window_of_opportunity_c, co_window_of_opportunity_b,
          glass_columns_a, glass_columns_b, glass_columns_c, glass_columns_a,
          glass_columns_b, serial_shops, nicolae_shop_waterfront,
          minmay_guarded_unrand_zonguldrok
Temple:   eino_wide_crystal_templ
Lair:1:   layout_gridlike, basic_altar, uniq_fannar
Lair:2:   layout_loops_ring, swamp_mist, gammafunk_ghost_hive,
          portal_ice_cave_entry_pillars_2, wad_woods_road_05
Lair:3:   layout_cellular_growth, spider_nest_entry_funnel_web, minivault_19,
          grunt_megastairs_1, uniq_snorg, uniq_gastronok
Lair:4:   layout_cave_pods, basic_altar
Lair:5:   cheibrodos_lair_end_hotspot, layout_regular_city,
          minmay_slime_entry_oklob_enclosed, gammafunk_ghost_necromancy,
          serial_bayou_shore_a
Orc:1:    layout_caves, serial_shops, nicolae_shop_waterfront,
          gammafunk_ghost_split, david_defended_altar_orc
Orc:2:    kennysheep_orc_mage_school, layout_diamond_mine, basic_altar,
          mines1_david

Skill      XL: |  1  2  3  4  5  6  7  8  9 10 11 12 13 14 15 |
---------------+----------------------------------------------+-----
Short Blades   | 2 3 4 5 6 8 10 12 13 14 | 14.0
Fighting       | 2 5 6 8 9 10 11 | 11.1
Dodging        | 1 3 4 5 6 7 8 |  8.3
Stealth        | 5 7 8 9 10 12 13 | 13.5
Armour         | 1 3 4 5 |  5.0
Evocations     | 1 3 4 6 |  6.0
Translocations | 1 3 4 5 |  5.0
Invocations    | 2 4 5 7 9 |  9.0
Throwing       | 3 5 6 |  6.0
Shields        | 1 4 |  4.1

Action                   |  1- 3 |  4- 6 |  7- 9 | 10-12 | 13-15 || total
-------------------------+-------+-------+-------+-------+-------++-------
Melee: Dagger            |    88 |   106 |       |       |       ||   194
       Bite              |    18 |    46 |   171 |   320 |   472 ||  1027
       Punch             |     2 |     1 |     8 |    12 |    10 ||    33
       Short sword       |       |   106 |   499 |   683 |       ||  1288
       Rapier            |       |       |       |    58 |  1109 ||  1167
Throw: Dart              |       |     4 |       |    18 |     7 ||    29
       Throwing net      |       |       |       |     1 |       ||     1
Evoke: Wand              |       |       |       |    12 |    18 ||    30
  Use: Scroll            |       |     2 |     1 |    14 |    17 ||    34
       Potion            |       |       |       |     1 |       ||     1
 Stab: Sleeping          |     7 |     9 |     6 |    20 |    35 ||    77
       Distracted        |     1 |     1 |     1 |     4 |     5 ||    12
       Paralysed         |       |       |       |    25 |    76 ||   101
       Held in net/web   |       |       |       |     3 |       ||     3
       Fleeing           |       |       |       |     1 |       ||     1
Armor: Robe              |    12 |    26 |       |    32 |       ||    70
       Ring mail         |       |    13 |    83 |    35 |       ||   131
       Troll leather arm |       |       |       |    65 |   237 ||   302
       Skin              |       |       |       |     3 |       ||     3
Dodge: Dodged            |    40 |   124 |   219 |   344 |   615 ||  1342
       Repelled          |       |       |     2 |     1 |    12 ||    15
Block: Kite shield       |       |       |       |       |   184 ||   184

Table legend: (Time is in decaauts)
 A = Elapsed time spent in this place.
 B = Non-inter-level travel time spent in this place.
 C = Inter-level travel time spent in this place.
 D = Time resting spent in this place.
 E = Time spent auto-exploring this place.
 F = Levels seen in this place.
 G = Mean time per level.
                   A        B        C        D        E       F      G
               +--------+--------+--------+--------+--------+-----+--------+
         Total |  23446 |  21263 |   2183 |   2693 |  13142 |  25 |  937.8 |
       Dungeon |  15035 |  13477 |   1558 |   1536 |   8554 |  15 | 1002.3 |
        Temple |     51 |     42 |      9 |      0 |     30 |   1 |   51.0 |
          Lair |   5038 |   4613 |    425 |    390 |   3186 |   5 | 1007.6 |
  Orcish Mines |   2292 |   2102 |    190 |    456 |   1174 |   2 | 1146.0 |
         Sewer |    233 |    233 |      0 |      0 |    133 |   1 |  233.0 |
      Ice Cave |    794 |    794 |      0 |    310 |     64 |   1 |  794.0 |
               +--------+--------+--------+--------+--------+-----+--------+

Top non-repeatable levels by time:
     D:6: 1702 daAuts
   Orc:2: 1560 daAuts
    D:10: 1419 daAuts
  Lair:5: 1417 daAuts
     D:7: 1365 daAuts
    D:11: 1297 daAuts
     D:8: 1254 daAuts
     D:1: 1114 daAuts
  Lair:2: 1067 daAuts
  Lair:4: 1019 daAuts
     D:9: 1006 daAuts
    D:12: 997 daAuts
     D:3: 965 daAuts
     D:2: 942 daAuts
  Lair:3: 897 daAuts
